 Dungeon Crawl Stone Soup version 0.30.1-3-gfc49f6343a (webtiles) character file.

Game seed: 8798007284820776044

60 sampeng1 the Chopper (level 4, -1/34 HPs)
             Began as a Human Gladiator on July 30, 2023.
             Slain by a gnoll
             ... wielding a +2 flail of holy wrath
             ... led by a gnoll bouda
              (5 damage)
             ... on level 3 of the Dungeon.
             The game lasted 00:05:46 (1376 turns).

sampeng1 the Chopper (Human Gladiator)              Turns: 1376, Time: 00:05:46

Health: -1/34      AC:  9    Str: 16    XL:     4   Next: 24%
Magic:  4/4        EV:  8    Int:  9    God:
Gold:   25         SH:  0    Dex: 14    Spells: 3/3 levels left

rFire   . . .        a - +0 war axe
rCold   . . .        (no shield)
rNeg    . . .        o - +0 chain mail
rPois   .            c - +0 helmet
rElec   .            (no cloak)
rCorr   .            (no gloves)
SInv    .            (no boots)
Will    .....        (no amulet) Stlth
                     (no ring)
HPRegen 0.25/turn    (no ring)
MPRegen 0.09/turn

%: no passive effects
@: lethally poisoned (-1 -> -2), weakened
A: no striking features
a: no special abilities


You were on level 3 of the Dungeon.
You visited 1 branch of the dungeon, and saw 3 of its levels.

You collected 25 gold pieces.

Inventory:

Hand Weapons
 a - a +0 war axe (weapon)
 n - a +0 long sword
Missiles
 j - 7 poisoned darts (quivered)
Armour
 c - a +0 helmet (worn)
 o - a +0 chain mail (worn)
Scrolls
 b - 2 scrolls of identify
 h - a scroll of teleportation
Potions
 d - a potion of attraction {unknown}
 f - a potion of heal wounds
 g - 2 potions of lignification {unknown}
 i - a potion of cancellation
 l - a potion of mutation
 m - a potion of brilliance


   Skills:
 + Level 2.6 Fighting
 + Level 3.5 Axes
 + Level 2.7 Throwing
 + Level 3.4 Dodging


You had 3 spell levels left.
You didn't know any spells.
Your spell library contained the following spells:

 Spells                   Type           Power      Damage    Failure   Level
 Sting                    Tmut/Pois      0%         1d3       99%         1
 Poisonous Vapours        Pois/Air       0%         N/A       100%        2
 Olgreb's Toxic Radiance  Pois           0%         N/A       100%        4


Dungeon Overview and Level Annotations

Branches:
Dungeon (3/15)

Altars:


Message History

The gnoll closely misses you. The gnoll barely misses you. x2
The adder barely misses you.
You miss the adder.
The adder is lightly wounded.
You hit the gnoll but do no damage. x2; The adder bites you but does no damage.
The gnoll hits you but does no damage. x2
The gnoll bouda barks out a call to the hunt!
The gnolls pick up the pace!
The gnoll barely misses you.
You closely miss the adder.
The adder is lightly wounded.
You hit the gnoll. You barely miss the gnoll. The adder bites you.
You are poisoned.
The adder poisons you!
The gnoll bouda gazes fiercely through you!
You feel as though you will be weak longer.
The gnoll closely misses you.
The gnoll hits you with a +2 flail of holy wrath.
The adder bites you but does no damage.
You closely miss the adder.
The adder is lightly wounded.
You hit the gnoll but do no damage. You barely miss the gnoll.
You feel sick. The adder bites you but does no damage.
The gnoll hits you with a +0 flail. The gnoll completely misses you.
The gnoll hits you but does no damage. The adder bites you but does no damage.
The gnoll hits you but does no damage. The gnoll barely misses you.
The gnoll hits you from afar with a +0 spear.
You barely miss the adder.
The adder is lightly wounded.
You slash the gnoll! You hit the gnoll bouda. You completely miss the gnoll.
You feel sick.
The gnoll hits you from afar with a +0 halberd.
* * * LOW HITPOINT WARNING * * *
The adder bites you.
* * * LOW HITPOINT WARNING * * *
The gnoll bouda hits you but does no damage.
The gnoll hits you with a +0 flail.
* * * LOW HITPOINT WARNING * * *
The gnoll hits you with a +2 flail of holy wrath.
You die...

......#.#####.####...+
......#.# ## # #.###
####..... ...## #...#
#.##.## #...####.# #.#
#......# #.#
###+###..###
#.###....!#..#
#.#......gg..#
(....gS@†.#
.....gg........
.....g..##.....
.....w..# #.....
..####### ..... .
..... ..(.


You could see a gnoll bouda, a worm, 5 gnolls and an adder.

Vanquished Creatures
  An ufetubus (D:3)
  2 worms (D:2)
  2 dart slugs
  4 bats
  3 endoplasms
  A giant cockroach (D:1)
  7 goblins
  5 hobgoblins
  3 jackals (D:1)
  2 quokkas (D:1)
  5 ball pythons
  2 frilled lizards
  2 kobolds
  A rat (D:1)
40 creatures vanquished.

Notes
Turn   | Place    | Note
-------+----------+-------------------------------------------
     0 | D:1      | sampeng1 the Human Gladiator began the quest for the Orb.
     0 | D:1      | Reached XP level 1. HP: 16/16 MP: 1/1
   179 | D:1      | Reached XP level 2. HP: 18/22 MP: 2/2
   405 | D:1      | Reached XP level 3. HP: 28/28 MP: 3/3
  1041 | D:2      | Found a faded altar of an unknown god.
  1134 | D:2      | Reached XP level 4. HP: 33/34 MP: 4/4
  1376 | D:3      | Slain by a gnoll

Illustrated notes

Levels and vault maps discovered:
D:1:      ldierk_walled_garden_2, layout_loops_ring
D:2:      layout_rooms, ebering_ecumenical_altar_hall, serial_bayou_pond_a,
          interstate_on_off, st_stairs_14, hangedman_decor_points
D:3:      layout_basic, grunt_temple_overflow_growth_and_decay, tgw_trog,
          nicolae_grassy_gnolls

Action                     |  1- 3 |  4- 6 || total
---------------------------+-------+-------++-------
  Melee: War axe           |    79 |    23 ||   102
         Punch             |       |     1 ||     1
  Throw: Throwing net      |     4 |     1 ||     5
         Javelin           |       |     1 ||     1
    Use: Scroll            |     5 |       ||     5
         Potion            |       |     1 ||     1
 Armour: Ring mail         |    39 |       ||    39
         Leather armour    |     1 |       ||     1
         Chain mail        |     2 |    36 ||    38
  Dodge: Dodged            |    59 |    32 ||    91
